 Dungeon Sprint DCSS version 0.24-a0-280-g7cec4da (webtiles) character file.

Game seed: 10574923854609679019

3 JimmahDean the Shield-Bearer (level 1, -7/20 HPs)
             Began as a Minotaur Fighter on May 9, 2019.
             Mangled by a tyrant leech (14 damage)
             ... in the Dungeon (Sprint II: "The Violet Keep of Menkaure").
             The game lasted 00:00:12 (19 turns).

JimmahDean the Shield-Bearer (Minotaur Fighter)       Turns: 19, Time: 00:00:13

Health: -7/20      AC:  7    Str: 20    XL:     1   Next: 41%
Magic:  0/0        EV:  7    Int:  5    God:
Gold:   0          SH:  9    Dex:  9    Spells: 0/0 levels left

rFire    . . .     SeeInvis .   a - +0 flail
rCold    . . .     Gourm    .   c - +0 shield
rNeg     . . .     Faith    .   b - +0 scale mail
rPois    .         Spirit   .   (helmet restricted)
rElec    .         Reflect  .   (no cloak)
rCorr    .         Harm     .   (no gloves)
MR       .....     NoTele   +   (no boots)
Stlth    ..........             (no amulet)
HPRegen  0.06/turn              (no ring)
MPRegen  0.07/turn              (no ring)

@: no status effects
A: retaliatory headbutt, horns 2
a: no special abilities


You were in the Dungeon.
You were not hungry.

You visited 1 branch

Inventory:

Hand Weapons
 a - a +0 flail (weapon)
Armour
 b - a +0 scale mail (worn)
 c - a +0 shield (worn)
Scrolls
 k - a scroll of blinking
Potions
 d - a potion of might
 e - a potion of curing {@q1}
 g - a potion of heal wounds {@q2}
 h - a potion of haste {@q3}
 i - 2 potions of magic
 j - a potion of berserk rage
Comestibles
 f - a ration {@e1}


   Skills:
 + Level 4.0 Fighting
 + Level 3.0 Maces & Flails
 + Level 4.0 Armour
 + Level 4.0 Shields


You couldn't memorise any spells.
You didn't know any spells.
Your spell library was empty.

Dungeon Overview and Level Annotations

Branches:
Dungeon (1/1)

Altars:

Shops:
D [


Innate Abilities, Weirdness & Mutations

You reflexively headbutt those who attack you in melee.
You have a pair of horns on your head.


Message History

Your Armour skill increases to level 4!
Your Shields skill increases to level 4!
You block the worm's attack. You block the tyrant leech's attack.
You hit the worm. The tyrant leech barely misses you.
You block the worm's attack.
You hit the worm but do no damage. Your headbutt misses the worm.
The tyrant leech bites you!
* * * LOW HITPOINT WARNING * * *
The tyrant leech draws strength from your injuries!
You block the worm's attack.
You take 7 damage, and have 9/20 hp.
MASSIVE DAMAGE!!
You see here 243 gold pieces.
The worm bites you.
* * * LOW HITPOINT WARNING * * *
You take 3 damage, and have 6/20 hp.
You thump the worm! You barely miss the worm. Your headbutt misses the worm.
You open the door. The tyrant leech bites you!
Ouch! That really hurt!
You die... ## ## ##. .## ..#.. ### nn.

##.###'#
#@ww##.##
+≈'##wnnn.+
∩.#≈#
####.##
▓▓###≈ #'#
##### .#w
.. .. ##.
$## ## ##


You could see 2 tyrant leeches, 3 necrophages and a worm.

Vanquished Creatures
  A worm (D)
1 creature vanquished.

Notes
Turn   | Place    | Note
-------+----------+-------------------------------------------
     0 | D        | JimmahDean the Minotaur Fighter began the quest for the
                  | Orb.
     0 | D        | Reached XP level 1. HP: 19/19 MP: 0/0
     1 | D        | Noticed a necrophage
     1 | D        | Noticed a necrophage
     1 | D        | Noticed a necrophage
     1 | D        | Noticed a necrophage
     4 | D        | Noticed a tyrant leech
     4 | D        | Noticed a tyrant leech
    19 | D        | Found Extel's Antique Armour Emporium.
    19 | D        | Mangled by a tyrant leech

Levels and vault maps discovered:
D:        the_violet_keep_of_menkaure [sprint2_stairs_cluster_1,
          sprint2_shoproom, sprint2_temple, sprint2_basic_supplies,
          sprint2_obstacle_7, sprint2_obstacle_2, sprint2_obstacle_6,
          sprint2_obstacle_1, sprint2_obstacle_3, sprint2_timed_cluster_1,
          sprint2_smallroom_cluster_1, sprint2_smallroom_final_cluster_1,
          sprint2_transparent_cluster_1, sprint2_second_timed_cluster_1,
          sprint2_sniper_area_1, sprint2_heavy_combat_area_1,
          sprint2_mutation_trap_area_1, sprint2_forest_area_1,
          sprint2_light_combat_area_1, sprint2_behind_water_1,
          sprint2_near_end_vault_1]

Skill      XL: |  1 |
---------------+----+-----
Fighting       | 4 |  4.0
Maces & Flails | 3 |  3.0
Armour         | 4 |  4.0
Shields        | 4 |  4.0

Action                   || total
-------------------------++-------
Melee: Flail             ||     8
       Headbutt          ||     2
Armor: Scale mail        ||     1
Dodge: Dodged            ||     3
Block: Shield            ||     8

Table legend:
 A = Non-vault XP
 B = Vault XP
 C = Vault XP percentage of total XP
 D = Non-vault monster count
 E = Vault monster count
 F = Vault count percentage of total count
                 A         B        C        D         E       F
            +---------+---------+-------+---------+---------+-------
      Total |       0 |       5 | 100.0 |       0 |       1 | 100.0
            +---------+---------+-------+---------+---------+-------
          D |       0 |       5 | 100.0 |       0 |       1 | 100.0
            +---------+---------+-------+---------+---------+-------
